 Dungeon Crawl Stone Soup version 0.30-a0-722-g3e6e8c874d (webtiles) character file.

Game seed: 17778401825619683831

4915 Shayle the Covert (level 10, -2/54 HPs)
             Began as a Tengu Brigand on Jan 27, 2023.
             Was a Believer of Hepliaklqana.
             Killed by an exploding gnoll (8 damage)
             ... ignited by their inner flame
             ... on level 9 of the Dungeon.
             The game lasted 00:26:23 (7800 turns).

Shayle the Covert (Tengu Brigand)                   Turns: 7800, Time: 00:26:24

Health: -2/54      AC:  7    Str: 12    XL:     10   Next: 51%
Magic:  16/16      EV: 17    Int: 16    God:    Hepliaklqana [**....]
Gold:   459        SH:  0    Dex: 15    Spells: 8/9 levels left

rFire   + + .      SeeInvis .    r - +4 dagger
rCold   . . .      Faith    .    (no shield)
rNeg    . . .      Spirit   .    M - +2 leather armour of Hedge Wizardry {rF+}
rPois   .          Reflect  .    (helmet restricted)
rElec   .          Harm     .    c - +0 cloak
rCorr   .          Rampage  .    z - +0 pair of gloves
Will    .....                    (boots unavailable)
Stlth   ++++                     (no amulet)
HPRegen 0.29/turn                C - ring of protection from fire
MPRegen 0.15/turn                F - +4 ring of slaying

@: weak-willed, flying quickly and evasively, quick
A: reduced essence, beak, talons 3, nimble flight
a: Renounce Religion, Recall Ancestor, Ancestor Identity


You were on level 9 of the Dungeon.
You worshipped Hepliaklqana.
Hepliaklqana was pleased with you.
You visited 2 branches of the dungeon, and saw 10 of its levels.

You collected 459 gold pieces.

Inventory:

Hand Weapons
 e - a +2 dagger of protection
 j - a +0 war axe
 r - a +4 dagger (weapon)
 K - a +2 whip of flaming
Missiles
 d - 22 poisoned darts (quivered)
 J - a curare-tipped dart
Armour
 b - a +0 robe
 c - a +0 cloak (worn)
 z - a +0 pair of gloves (worn)
 L - a +2 robe of fire resistance
 M - the +2 leather armour of Hedge Wizardry (worn) {rF+}
   (You found it on level 7 of the Dungeon)

   rF:        It protects you from fire.
Jewellery
 a - a +6 ring of dexterity
 y - the ring of the Quahog {Will- rCorr Str+3 Int+6}
   (You found it on level 4 of the Dungeon)

   [ring of intelligence]

   Str:       It affects your strength (+3).
   Int:       It affects your intelligence (+6).
   rCorr:     It protects you from acid and corrosion.
   Will:      It decreases your willpower.
 C - a ring of protection from fire (left hand)
 F - a +4 ring of slaying (right hand)
 G - a ring of see invisible
Wands
 B - a wand of paralysis (3)
Scrolls
 k - a scroll of enchant armour {unknown}
 q - a scroll of amnesia
 v - 2 scrolls of silence
 x - a scroll of fear {unknown}
 D - a scroll of brand weapon {unknown}
Potions
 f - 2 potions of mutation
 g - 2 potions of curing
 h - a potion of degeneration {unknown}
 i - 3 potions of haste
 l - 3 potions of flight
 m - a potion of berserk rage {unknown}
 o - 2 potions of cancellation
 t - a potion of attraction {unknown}
 u - a potion of ambrosia {unknown}
 E - 3 potions of brilliance
 H - a potion of magic {unknown}
 I - a potion of lignification {unknown}
 N - a potion of might


   Skills:
 + Level 6.8 Fighting
 - Level 2.1 Short Blades
 - Level 2.0 Throwing
 + Level 7.0 Dodging
 + Level 8.2 Stealth
 + Level 8.0 Air Magic
 * Level 7.4 Invocations


You had 8 spell levels left.
You knew the following spells:

 Your Spells              Type           Power      Damage    Failure   Level
a - Shock                 Conj/Air       48%        1d6       6%          1

Your spell library contained the following spells:

 Spells                   Type           Power      Damage    Failure   Level
 Swiftness                Air            25%        N/A       3%          3
 Poisonous Vapours        Pois/Air       24%        N/A       10%         2
 Cigotuvi's Dreadful Rot  Necr/Pois/Air  16%        N/A       16%         2
 Kiss of Death            Conj/Necr      0%         2d5       32%         1
 Summon Small Mammal      Summ           0%         N/A       32%         1
 Mephitic Cloud           Conj/Pois/Air  8%         N/A       32%         3
 Ensorcelled Hibernation  Hex/Ice        0%         N/A       43%         2
 Passwall                 Tmut/Erth      0%         N/A       43%         2
 Call Canine Familiar     Summ           0%         N/A       67%         3
 Confusing Touch          Hex            0%         N/A       67%         3
 Inner Flame              Hex/Fire       0%         N/A       67%         3
 Summon Guardian Golem    Hex/Summ       0%         N/A       67%         3
 Freezing Cloud           Conj/Ice/Air   4%         6-21      96%         5
 Cause Fear               Hex            0%         N/A       97%         4
 Dispel Undead            Necr           0%         3d6       97%         4
 Olgreb's Toxic Radiance  Pois           0%         N/A       97%         4
 Ozocubu's Refrigeration  Ice            0%         4d7       100%        7
 Discord                  Hex            0%         N/A       100%        8
 Ignition                 Fire           0%         3d3       100%        8
 Maxwell's Capacitive Co  Air            12%        ∞         100%        8


Dungeon Overview and Level Annotations

Branches:
Dungeon (9/15)             Temple (1/1) D:5
   Lair: D:8-11         Orc: D:9-12

Altars:
Ashenzari
Dithmenos
Gozag
Hepliaklqana
Kikubaaqudgha
Makhleb
Qazlal
Sif Muna
Trog
Uskayaw
Vehumet
Wu Jian
Xom
Zin
The Shining One

Shops:
D:5 ?


Innate Abilities, Weirdness & Mutations

Your life essence is reduced to manifest your ancestor. (-10% HP)
You have a beak for a mouth.
You have claws for feet.
Your magical nature lets you fly swiftly and evasively.


Message History

You kill the gnoll!
The gnoll hits you with a +0 club.
Dejan hits the steam dragon with a +0 dagger of draining.
Dejan drains the steam dragon.
Dejan hits the steam dragon with a +0 dagger of draining.
You puncture the centaur! You claw the centaur!
The centaur is almost dead.
The centaur unwields a +0 shortbow.
The centaur misses you. The centaur barely misses you.
The gnoll hits you but does no damage.
An acid dragon comes into view.
An orc priest comes into view. It is wielding a +0 mace.
The centaur closely misses you.
The centaur kicks you but does no damage.
The orc priest looks satisfied for a moment.
The gnoll closely misses you.
Dejan points at the steam dragon and mumbles some strange words.
The steam dragon resists with significant effort.
As you read the scroll labelled GUSSET XAVUSCH, it crumbles to dust.
Magic quickly surges around you.
It was a scroll of vulnerability.
The centaur closely misses you. x2; The orc misses you.
The gnoll hits you but does no damage.
Dejan barely misses the steam dragon.
The centaur hits you but does no damage.
The centaur closely misses you.
As you read the scroll labelled PORASE NETZIM, it crumbles to dust.
The creatures around you are filled with an inner flame!
It was a scroll of immolation.
The centaur barely misses you. x2
Dejan hits the steam dragon with a +0 dagger of draining!
Flame seeps out of the steam dragon.
The orc closely misses you. The gnoll hits you with a +0 club.
The steam dragon is engulfed in blazing flames.
The steam dragon explodes!
Dejan avoids your attack.
The fiery explosion engulfs the centaur!!!
The fiery explosion engulfs the gnoll!!
The fiery explosion engulfs the orc!!
The orc explodes!
The fiery explosion engulfs you! You resist.
* * * LOW HITPOINT WARNING * * *
The gnoll explodes!
The fiery explosion engulfs you! You resist.
You die...

#.............#
#.............#
#.............# .
#........D.... ..
#..........?###########
...#...))......#2#_.......
...'...§.§.....### #....
...#..R§§§.......# ####...
#+##..§○§@.##+######.##...
......§.§§.#....#......)..
.......§§§.#....#.......).
...........#....#.........
...........#....##...##...
.....o.....#....###'###...
...........#.........#....
...........#.......[.#....
...........###'###...#....


You could see the friendly Dejan the hexer (inner flame, weak-willed), an acid
dragon (inner flame, weak-willed) and an orc priest (inner flame, weak-willed).

Vanquished Creatures
  A two-headed ogre (D:8)
  Pikel (D:7)
  4 slime creatures (D:8)
  2 wyverns (D:7)
  A steam dragon (D:9)
  A water moccasin (D:7)
  An ice beast (D:6)
  4 black bears
  An ogre (D:5)
  3 centaurs (D:9)
  A lemure (D:7)
  2 necrophages
  A kobold brigand (D:7)
  3 scorpions
  3 wights (D:7)
  2 howler monkeys
  2 jellies
  A gnoll bouda (D:6)
  3 orc priests (D:8)
  5 hounds
  3 iguanas
  3 orc wizards
  6 gnolls
  9 adders
  A shadow imp (D:7)
  A white imp (D:8)
  An ufetubus (D:4)
  9 orcs
  7 ball pythons
  10 endoplasms
  2 giant cockroaches
  7 goblins
  7 hobgoblins
  8 jackals
  4 quokkas
  3 bats
  9 frilled lizards
  10 kobolds
  8 rats
150 creatures vanquished.

Vanquished Creatures (collateral kills)
  A slime creature (D:8)
  Duvessa (D:4)
  An ogre (D:6)
  A centaur (D:9)
  Dowan (D:4)
  A howler monkey (D:9)
  2 gnoll boudas
  An iguana (D:6)
  5 gnolls
  2 orcs
16 creatures vanquished.

Vanquished Creatures (others)
  An iguana (D:5)
  4 hexers (D:8)
  4 ancestors
  An adder (D:5)
  A gnoll (D:5)
  5 plants (D:5)
16 creatures vanquished.

Grand Total: 182 creatures vanquished

Notes
Turn   | Place    | Note
-------+----------+-------------------------------------------
     0 | D:1      | Shayle the Tengu Brigand began the quest for the Orb.
     0 | D:1      | Reached XP level 1. HP: 12/12 MP: 2/2
   278 | D:1      | Reached XP level 2. HP: 16/17 MP: 3/3
   371 | D:1      | Reached XP level 3. HP: 22/22 MP: 4/4
   902 | D:2      | Got Ocehofith's Octavo of the Panacea and Weather
   905 | D:2      | Learned a level 1 spell: Shock
  1036 | D:2      | Reached skill level 1 in Air Magic
  1036 | D:2      | Reached XP level 4. HP: 22/27 MP: 5/5
  1143 | D:2      | Found a faded altar of an unknown god.
  1824 | D:3      | Noticed an ice beast
  2266 | D:4      | Gained mutation: Your magical nature lets you fly swiftly
                  | and evasively. [Tengu growth]
  2266 | D:4      | Reached XP level 5. HP: 29/32 MP: 6/6
  2338 | D:4      | Noticed Duvessa
  2340 | D:4      | Noticed Dowan
  2729 | D:4      | Found a shimmering blue altar of Sif Muna.
  2806 | D:4      | Reached skill level 5 in Stealth
  3077 | D:4      | Identified the ring of the Quahog {Will- rCorr Str+3 Int+6}
  3634 | D:5      | Entered Level 5 of the Dungeon
  3634 | D:5      | Found a staircase to the Ecumenical Temple.
  3642 | Temple   | Entered the Ecumenical Temple
  3654 | Temple   | Became a worshipper of Hepliaklqana the Forgotten
  3676 | D:5      | Reached XP level 6. HP: 30/37 MP: 7/7
  3695 | D:5      | Reached skill level 1 in Invocations
  3696 | D:5      | Noticed an ice beast
  3707 | D:5      | Found Gyry's Magic Scroll Shop.
  3905 | D:5      | Noticed a black bear
  4014 | D:6      | Reached XP level 7. HP: 43/43 MP: 9/9
  4147 | D:6      | Reached * piety under Hepliaklqana
  4498 | D:6      | Found a shadowy altar of Dithmenos.
  4682 | D:5      | Found a shimmering altar of Xom.
  4997 | D:6      | Reached XP level 8. HP: 24/43 MP: 11/11
  5270 | D:5      | Reached skill level 5 in Air Magic
  5576 | D:7      | Noticed a wyvern
  5592 | D:7      | Reached skill level 5 in Fighting
  5592 | D:7      | Reached skill level 5 in Dodging
  5593 | D:7      | Killed a wyvern
  5712 | D:7      | Noticed Pikel
  5923 | D:4      | Killed Duvessa
  5924 | D:4      | Reached XP level 9. HP: 46/48 MP: 13/13
  5931 | D:4      | Killed Dowan
  6220 | D:7      | Killed Pikel
  6221 | D:7      | Reached skill level 5 in Invocations
  6607 | D:7      | Reached ** piety under Hepliaklqana
  6608 | D:7      | Remembered your ancestor Dejan as a hexer
  6759 | D:7      | Identified the +2 leather armour of Hedge Wizardry {rF+}
  7111 | D:8      | Found a glowing golden altar of the Shining One.
  7113 | D:8      | Noticed an angel
  7141 | D:8      | Noticed a two-headed ogre
  7251 | D:8      | Noticed a two-headed ogre
  7275 | D:8      | Killed a two-headed ogre
  7276 | D:8      | Reached XP level 10. HP: 26/54 MP: 15/15
  7397 | D:8      | Found an opulent altar of Gozag.
  7732 | D:9      | Found a burning altar of Makhleb.
  7732 | D:9      | Noticed a blizzard demon
  7800 | D:9      | Killed by an exploding gnoll... ignited by their inner
                  | flame

Illustrated notes

Levels and vault maps discovered:
D:1:      dpeg_arrival_round_a, layout_basic, minmay_hexomino_u4
D:2:      layout_loops_ring, dreamdust_ecumenical_altar_hidden_monk_grotto
D:3:      layout_loops_ring, serial_glass, glass_columns_a, glass_columns_a,
          nrook_campfire
D:4:      layout_basic, overflow_temple_1_default, kennysheep_generic_room_14,
          uniq_duvessa
D:5:      layout_cave_pools, xom_confusion_cloud,
          minmay_temple_entry_drinking_statues, serial_shops,
          nicolae_lakefront_shop, amethyst_killhole,
          chequers_serial_rivers_micro_a, minmay_lizard_king
D:6:      layout_basic, kennysheep_mini
D:7:      layout_loops_ring, uniq_pikel
D:8:      layout_rooms, grunt_temple_overflow_holy_war, lemuel_doored_altar,
          mainiacjoe_overflow_catwalk
D:9:      layout_gridville, makhleb_altar_promises_db, minitemple
Temple:   hellmonk_temple_rainy

Skill      XL: |  1  2  3  4  5  6  7  8  9 10 |
---------------+-------------------------------+-----
Dodging        | 2 3 4 5 6 7 |  7.0
Air Magic      | 1 2 3 4 5 7 8 |  8.0
Fighting       | 3 4 5 6 |  6.8
Stealth        | 5 6 7 8 |  8.2
Invocations    | 2 3 4 6 7 |  7.4
Short Blades   | |  2.1
Throwing       | |  2.0

Action                     |  1- 3 |  4- 6 |  7- 9 | 10-12 || total
---------------------------+-------+-------+-------+-------++-------
  Melee: Dagger            |    64 |   125 |   138 |    44 ||   371
         Kick              |    17 |    32 |    45 |    18 ||   112
         Peck              |     6 |    16 |    28 |     9 ||    59
         Punch             |       |     1 |     1 |       ||     2
  Throw: Dart              |     6 |     4 |     8 |       ||    18
 Invoke: Recall Ancestor   |       |       |     4 |       ||     4
         Ancestor Life: He |       |       |     1 |       ||     1
  Evoke: Wand              |       |       |    10 |     1 ||    11
    Use: Scroll            |       |     5 |     5 |     2 ||    12
         Potion            |       |     2 |     1 |       ||     3
   Stab: Sleeping          |     5 |    10 |     3 |       ||    18
         Distracted        |     1 |       |       |     1 ||     2
         Paralysed         |       |       |     3 |     2 ||     5
         Confused          |       |       |     1 |     2 ||     3
 Armour: Robe              |     9 |    14 |     9 |       ||    32
         Leather armour    |       |       |     2 |    16 ||    18
  Dodge: Dodged            |    31 |    70 |    97 |    63 ||   261

Table legend: (Time is in decaauts)
 A = Elapsed time spent in this place.
 B = Non-inter-level travel time spent in this place.
 C = Inter-level travel time spent in this place.
 D = Time resting spent in this place.
 E = Time spent auto-exploring this place.
 F = Levels seen in this place.
 G = Mean time per level.
                   A        B        C        D        E       F      G
               +--------+--------+--------+--------+--------+-----+--------+
         Total |   7406 |   6991 |    415 |   1118 |   3934 |  10 |  740.6 |
       Dungeon |   7389 |   6980 |    409 |   1118 |   3932 |   9 |  821.0 |
        Temple |     17 |     12 |      5 |      0 |      2 |   1 |   17.0 |
               +--------+--------+--------+--------+--------+-----+--------+

Top non-repeatable levels by time:
     D:4: 1450 daAuts
     D:6: 1194 daAuts
     D:7: 1045 daAuts
     D:1: 860 daAuts
     D:2: 856 daAuts
     D:3: 690 daAuts
     D:5: 688 daAuts
     D:8: 448 daAuts
     D:9: 155 daAuts
  Temple: 17 daAuts
